 Dungeon Crawl Stone Soup version 0.31.0-32-g396128a36d (webtiles) character file.

Game seed: 17796255913775936417

31706 mfp570 the Severer (level 13, -5/118 HPs)
             Began as a Minotaur Fighter on Apr 10, 2024.
             Splashed by a goliath frog's acid (10 damage)
             ... on level 3 of the Lair of Beasts on Apr 11, 2024.
             The game lasted 01:11:47 (15893 turns).

mfp570 the Severer (Minotaur Fighter)              Turns: 15893, Time: 01:11:47

Health: -5/118     AC: 19    Str: 22    XL:     13   Next: 27%
Magic:  4/4        EV:  8    Int:  9    God:
Gold:   695        SH:  6    Dex: 10    Spells: 11/12 levels left

rFire   . . .        v - +1 war axe (antimagic)
rCold   . . .        c - +0 buckler
rNeg    . . .        E - +0 plate armour
rPois   .            A - +2 hat
rElec   .            P - +2 cloak
rCorr   .            N - +0 pair of gloves
SInv    .            (no boots)
Will    +....        n - amulet of regeneration Stlth
                     m - +4 ring of protection
HPRegen 1.19/turn    F - ring of willpower
MPRegen 0.09/turn

%: no passive effects
@: lethally poisoned (-5 -> -5), about to teleport, corroded
A: horns 2, retaliatory headbutt
a: no special abilities


You were on level 3 of the Lair of Beasts.
You visited 2 branches of the dungeon, and saw 14 of its levels.
You also visited: Bailey and Gauntlet.

You collected 695 gold pieces.

Inventory:

Hand Weapons
 d - a +2 trident
 v - a +1 antimagic war axe (weapon)
Missiles
 H - a curare-tipped dart (quivered)
 W - 6 javelins
Armour
 c - a +0 buckler (worn)
 A - a +2 hat (worn)
 E - a +0 plate armour (worn)
 N - a +0 pair of gloves (worn)
 P - a +2 cloak (worn)
 S - the scarf "Voikorph" {+Inv, Regen+ Int+4 Dex+2}
   (You found it on level 11 of the Dungeon)

   Int+4:     It affects your intelligence (+4).
   Dex+2:     It affects your dexterity (+2).
   Regen+:    It increases your rate of health regeneration.
Jewellery
 m - a +4 ring of protection (left hand)
 n - an amulet of regeneration (around neck)
 F - a ring of willpower (right hand)
 R - a +6 ring of dexterity
 T - a ring of protection from cold
Talismans
 q - a beast talisman
 M - a maw talisman
Wands
 C - a wand of digging (4)
 G - a wand of mindburst (8)
 J - a wand of iceblast (8)
 L - a wand of charming (3)
Scrolls
 h - 2 scrolls of butterflies
 j - 2 scrolls of revelation
 l - 3 scrolls of immolation
 r - 2 scrolls of enchant armour {unknown}
 t - a scroll of identify
 w - 2 scrolls of teleportation
 y - 2 scrolls of fog {unknown}
 z - 3 scrolls of blinking
 O - 2 scrolls of fear {unknown}
 Q - 2 scrolls of silence {unknown}
 U - a scroll of poison {unknown}
 X - 3 scrolls of enchant weapon
Potions
 b - 2 potions of experience {unknown}
 e - 3 potions of brilliance
 f - a potion of berserk rage {unknown}
 g - a potion of degeneration {unknown}
 i - 12 potions of heal wounds
 k - 6 potions of curing
 o - 4 potions of invisibility
 p - 2 potions of ambrosia {unknown}
 s - 2 potions of enlightenment
 u - 5 potions of resistance
 x - 4 potions of lignification {unknown}
 B - 3 potions of magic {unknown}
 D - 2 potions of haste {unknown}
 K - 3 potions of might
 V - a potion of cancellation {unknown}
Miscellaneous
 Y - a box of beasts
 Z - a lightning rod (4/4)


   Skills:
 + Level 12.1 Fighting
 + Level 16.9(17.0) Axes
 + Level 2.3(11.3) Polearms
 + Level 2.8 Throwing
 + Level 14.1 Armour
 + Level 3.7 Dodging
 + Level 1.8 Stealth
 + Level 10.4 Shields
 + Level 0.6 Evocations


You had 11 spell levels left.
You knew the following spells:

 Your Spells              Type           Power      Damage    Failure   Level
a - Magic Dart            Conj           0%         1d3       99%         1

Your spell library contained the following spells:

 Spells                   Type           Power      Damage    Failure   Level
 Blink                    Tloc           0%         N/A       100%        2
 Momentum Strike          Conj/Tloc      0%         3d8       100%        2
 Scorch                   Fire           0%         2d5       100%        2
 Searing Ray              Conj           0%         2d4       100%        2
 Sublimation of Blood     Necr           0%         N/A       100%        2
 Fugue of the Fallen      Necr           0%         N/A       100%        3
 Stone Arrow              Conj/Erth      0%         3d7       100%        3
 Vampiric Draining        Necr           0%         2d6       100%        3
 Animate Armour           Summ/Erth      0%         N/A       100%        4
 Flame Wave               Conj/Fire      0%         2d4       100%        4
 Fulminant Prism          Conj/Alch      0%         3d5       100%        4
 Curse of Agony           Necr           0%         N/A       100%        5
 Summon Cactus Giant      Summ           0%         N/A       100%        6
 Lehudib's Crystal Spear  Conj/Erth      0%         10d2      100%        8


Dungeon Overview and Level Annotations

Branches:
Dungeon (11/15)            Temple (0/1) D:5            Lair (3/5) D:10
  Swamp (0/4) Lair:3          Orc (0/2) D:11         Bailey (visited)
Gauntlet (visited)
  Snake: Lair:2-3    Spider: Lair:2-3

Altars:
Elyvilon
Sif Muna
Trog
Vehumet
Zin
The Shining One
Jiyva

Shops:
D:7 :

Annotations:
Lair:1 3 runed translucent doors, Jinxx's ghost, journeyman DsIE
Lair:3 Kirke


Innate Abilities, Weirdness & Mutations

You have a pair of horns on your head.
You reflexively headbutt those who attack you in melee.


Message History

The hornet stings you but does no damage.
The goliath frog hits you! The acid corrodes you!
You are splashed with acid!
You closely miss the goliath frog.
The goliath frog is lightly wounded.
You hit the hornet but do no damage. The hornet stings you!
You are poisoned.
You feel yourself slow down. You block the goliath frog's attack.
You block the hornet's attack.
You barely miss the goliath frog. Your headbutt misses the goliath frog.
The goliath frog is lightly wounded.
You hit the hornet but do no damage.
You feel very sick. The hornet closely misses you. You furiously retaliate!
You headbutt the hornet! The goliath frog hits you.
You are splashed with acid!
You miss the goliath frog.
The goliath frog is lightly wounded.
You slash the hornet!
You feel sick. You block the hornet's attack.
You block the goliath frog's attack.
The hornet stings you but does no damage.
You hit the goliath frog but do no damage.
You headbutt the goliath frog!
The goliath frog is moderately wounded.
You slash the hornet!
You kill the hornet!
You feel sick. The goliath frog hits you!
* * * LOW HITPOINT WARNING * * *
You are splashed with acid.
* * * LOW HITPOINT WARNING * * *
You block the goliath frog's attack.
Press: ? - help, v - describe, . - travel
Here: a goliath frog (moderately wounded)
The floor, spattered with blood.
As you read the scroll of teleportation, it crumbles to dust.
You feel strangely unstable.
You feel yourself speed up.
You feel sick. The goliath frog closely misses you.
You feel sick. The goliath frog hits you from afar!!
* * * LOW HITPOINT WARNING * * *
The acid corrodes you!
You are splashed with acid!
You die...

P### ##P'#####........## ####.
## ##.#.# #...#.....# ##
#...###..#.#P..##
##.######..+.##...####.##
##.................## #..#
#.#(##.............# ##.# ####
#.....##..........#♣ ♣♣####.#.
.......##.........♣ ♣♣♣♣#.....<
.##.##..#.......@.♣
♣♣§>♣♣..##.##
##...##..#.......♣♣♣~§§§♣♣♣P####
...............†F♣♣~~§§♣ ###
#.........#+#....♣F~~~~♣
#.8.8.##.....##..♣~y~~♣
.......#..#.'#♣♣♣~PPP♣
...<............♣~~♣♣♣
..........#.....♣♣♣..
..8.8..#..#.......♣....


You could see a goliath frog.

Vanquished Creatures
  A minotaur (Gauntlet)
  Fannar (Lair:2)
  A hydra (Lair:3)
  2 boulder beetles (D:11)
  Amaemon (Lair:3)
  A wretched star (Gauntlet)
  A skyshark (Lair:2)
  A necromancer (Gauntlet)
  An orc knight (Bailey)
  A cyclops (D:11)
  A black mamba (Lair:1)
  6 elephants
  4 cane toads
  An orange demon (Lair:3)
  A gargoyle (D:11)
  2 efreet
  4 komodo dragons
  3 rime drakes
  2 ice devils (D:11)
  4 trolls
  2 polar bears
  Grinder (D:4)
  A hornet (Lair:3)
  A ynoxinul (D:10)
  2 shadows
  A wraith (D:10)
  Eustachio (D:4)
  2 hogs (Lair:2)
  6 wyverns
  58 yaks
  2 basilisks (Lair:3)
  2 small abominations (Gauntlet)
  2 acid dragons
  10 water moccasins
  5 orc warriors
  An ice beast (D:5)
  A sky beast (D:6)
  4 black bears
  20 wolves
  5 centaurs
  A boggart (Gauntlet)
  A phantom (D:5)
  2 kobold brigands
  4 bullfrogs
  5 scorpions
  5 wights (D:8)
  9 killer bees
  4 electric eels
  A bombardier beetle (D:5)
  5 hounds
  5 jellies
  2 iguanas
  5 orc wizards
  A sleepcap (D:4)
  14 gnolls
  5 adders
  6 ufetubi
  5 dart slugs
  2 ribbon worms (D:2)
  44 orcs
  4 endoplasms
  4 giant cockroaches
  18 goblins
  5 hobgoblins
  3 jackals (D:4)
  14 kobolds
  4 quokkas
  5 ball pythons
  3 bats
  6 frilled lizards
  5 rats
363 creatures vanquished.

Notes
Turn   | Place    | Note
-------+----------+-------------------------------------------
     0 | D:1      | mfp570 the Minotaur Fighter began the quest for the Orb.
     0 | D:1      | Reached XP level 1. HP: 19/19 MP: 0/0
   128 | D:1      | Reached XP level 2. HP: 27/27 MP: 1/1
  1231 | D:2      | Reached XP level 3. HP: 33/33 MP: 2/2
  1702 | D:2      | Reached skill level 3 in Axes
  2025 | D:3      | Learned a level 1 spell: Magic Dart
  2219 | D:3      | Reached XP level 4. HP: 40/40 MP: 1/3
  2602 | D:3      | Found a faded altar of an unknown god.
  2936 | D:4      | Reached skill level 4 in Axes
  2962 | D:4      | Reached XP level 5. HP: 47/47 MP: 1/4
  2989 | D:4      | Reached skill level 5 in Armour
  2989 | D:4      | Reached skill level 1 in Dodging
  2998 | D:4      | Noticed an ogre
  3071 | D:4      | Reached skill level 5 in Shields
  3119 | D:4      | Noticed Grinder
  3131 | D:4      | Paralysed by Grinder for 5 turns
  3149 | D:4      | Killed Grinder
  3150 | D:4      | Reached skill level 5 in Axes
  3150 | D:4      | Reached XP level 6. HP: 25/55 MP: 1/5
  3359 | D:4      | Noticed Eustachio
  3371 | D:4      | Killed Eustachio
  3372 | D:4      | Reached skill level 6 in Axes
  3372 | D:4      | Reached XP level 7. HP: 55/60 MP: 2/6
  3405 | D:5      | Entered Level 5 of the Dungeon
  3419 | D:5      | Reached skill level 5 in Fighting
  3432 | D:5      | Reached skill level 7 in Axes
  3492 | D:5      | Reached skill level 8 in Axes
  3500 | D:5      | Found a staircase to the Ecumenical Temple.
  3569 | D:5      | Reached XP level 8. HP: 68/68 MP: 2/7
  3772 | D:5      | Found a radiant altar of Vehumet.
  3787 | D:5      | Reached skill level 9 in Axes
  5279 | D:7      | Reached skill level 10 in Axes
  5558 | D:6      | Reached XP level 9. HP: 57/75 MP: 2/8
  5631 | D:7      | Found a flagged portal.
  5657 | Bailey   | Entered a bailey
  5896 | Bailey   | Noticed an orc knight
  5931 | Bailey   | Killed an orc knight
  6452 | D:7      | Reached skill level 11 in Axes
  6674 | D:7      | Noticed a gargoyle
  6674 | D:7      | Noticed a cyclops
  6753 | D:7      | Found Mosuc's Tremendous Tomes.
  6927 | D:8      | Reached XP level 10. HP: 52/86 MP: 3/9
  6964 | D:8      | Reached skill level 12 in Axes
  7603 | D:9      | Found a viscous altar of Jiyva.
  8323 | D:9      | Reached skill level 1 in Throwing
  8331 | D:9      | Reached skill level 10 in Armour
  8759 | D:10     | Entered Level 10 of the Dungeon
  8970 | D:10     | Found a glowing golden altar of the Shining One.
  8976 | D:10     | Found a white marble altar of Elyvilon.
  9056 | D:10     | Reached skill level 13 in Axes
  9077 | D:10     | Found a glowing silver altar of Zin.
  9097 | D:10     | Reached XP level 11. HP: 83/95 MP: 3/10
  9194 | D:10     | Found a shimmering blue altar of Sif Muna.
  9205 | D:10     | Reached skill level 1 in Stealth
  9217 | D:10     | Got Sif Muna's Quarto of Karma
  9226 | D:10     | Found a bloodstained altar of Trog.
  9553 | D:10     | Found a staircase to the Lair.
  9967 | D:11     | Noticed a boulder beetle
 10019 | D:11     | Killed a boulder beetle
 10020 | D:11     | Reached skill level 14 in Axes
 10055 | D:11     | Found a staircase to the Orcish Mines.
 10343 | D:11     | Identified the scarf "Voikorph" {+Inv, Regen+ Int+4 Dex+2}
 10503 | D:11     | Found a frozen archway.
 11168 | D:11     | Noticed a boulder beetle
 11302 | D:11     | Killed a boulder beetle
 11394 | Lair:1   | Entered Level 1 of the Lair of Beasts
 11470 | D:10     | Reached skill level 15 in Axes
 11484 | D:10     | Reached XP level 12. HP: 106/106 MP: 3/11
 11762 | Lair:1   | Found a runed translucent gate.
 11762 | Lair:1   | Found a runed translucent gate.
 11762 | Lair:1   | Found a runed translucent gate.
 11764 | Lair:1   | Noticed Jinxx's ghost (journeyman DsIE)
 11777 | Lair:1   | Reached skill level 10 in Fighting
 12024 | Lair:1   | Reached skill level 16 in Axes
 12814 | Lair:2   | Noticed Fannar
 12857 | Lair:2   | Killed Fannar
 12878 | Lair:2   | Found a gate leading to a gauntlet.
 12893 | Gauntlet | Entered a Gauntlet
 12893 | Gauntlet | Found a transporter.
 12893 | Gauntlet | Found a runed translucent door.
 12893 | Gauntlet | Found a transporter.
 12893 | Gauntlet | Found a runed translucent door.
 12904 | Gauntlet | Found a transporter.
 12907 | Gauntlet | Found a transporter.
 12915 | Gauntlet | Found a transporter.
 12918 | Gauntlet | Found a transporter.
 12926 | Gauntlet | Found a transporter.
 12945 | Gauntlet | Found a transporter.
 12964 | Gauntlet | Found a transporter.
 12967 | Gauntlet | Found a transporter.
 12977 | Gauntlet | Found a transporter.
 12980 | Gauntlet | Found a transporter.
 13464 | Gauntlet | Noticed an ironbound thunderhulk
 13464 | Gauntlet | Noticed a green very ugly thing
 13464 | Gauntlet | Noticed a brown very ugly thing
 13552 | Gauntlet | Got Sif Muna's Secrets of Resurrection
 13662 | Gauntlet | Noticed a minotaur
 13675 | Gauntlet | Killed a minotaur
 13676 | Gauntlet | Reached skill level 10 in Shields
 13853 | Lair:2   | Identified the +0 falchion of a ziggurat {flame, Will++}
 14223 | Lair:2   | Reached XP level 13. HP: 33/117 MP: 4/12
 14956 | Lair:3   | Noticed Amaemon
 15204 | Lair:3   | Killed Amaemon
 15205 | Lair:3   | Reached skill level 1 in Polearms
 15559 | Lair:3   | Noticed Kirke
 15863 | Lair:3   | Found a staircase to the Swamp.
 15893 | Lair:3   | HP: 5/118 [goliath frog (18)]
 15893 | Lair:3   | Splashed by a goliath frog's acid

Illustrated notes

Levels and vault maps discovered:
D:1:      roderic_octagonal_star, layout_basic, serial_forest,
          infiniplex_forest_lined_ring, infiniplex_forest_end_2,
          infiniplex_forest_clump_curved, infiniplex_forest_end_3,
          infiniplex_forest_zigzag_1, infiniplex_forest_clump_small,
          infiniplex_forest_lined_4_way, infiniplex_forest_join,
          infiniplex_forest_clump_medium, infiniplex_forest_join,
          minmay_pentomino_v2
D:2:      layout_loops_ring, minmay_misc_feat_nine_boxes,
          kennysheep_generic_room_16
D:3:      layout_loops_corners, dilly_ecumenical_altar_fadedgnrine,
          kennysheep_boxes
D:4:      layout_cave_pools, uniq_crazy_yiuf_cottage, uniq_grinder,
          uniq_eustachio
D:5:      layout_loops_ring, mainiacjoe_overflow_boulevard,
          minmay_temple_entry_antechambers,
          serial_library_regret_index_branch_corner, minmay_misc_feat_enclosed
D:6:      layout_loops_corners, minmay_misc_feat_secret_circle
D:7:      layout_rooms, enter_bailey_3, nicolae_shop_i_like_big_books,
          lightli_corner_chamber
D:8:      layout_basic
D:9:      layout_loops_corners, mainiacjoe_overflow_two_lobes, serial_bayou,
          serial_bayou_lake_a, serial_bayou_pond_d, serial_bayou_shore_a,
          serial_bayou_lagoon_a, serial_bayou_ford_a, jiyva_altar_1
D:10:     layout_big_octagon, nzn_overflow_gifts_of_might_and_magic,
          good_gods_temple_1, lair_entry_dummy
D:11:     layout_gridville, orc_0_dummy, portal_ice_cave_demonic_guard
Lair:1:   layout_regular_city, gammafunk_ghost_necromancy
Lair:2:   layout_gridlike, gauntlet_entry_generic, infiniplex_staircase_pool_2,
          grunt_megastairs_4, uniq_fannar
Lair:3:   layout_roguey, mainiacjoe_swamp_entry_lozenge_pond, dummy_snake_entry,
          lemuel_fruit_fields, grunt_megastairs_2, infiniplex_staircase_pool,
          uniq_kirke, uniq_amaemon

Skill      XL: |  1  2  3  4  5  6  7  8  9 10 11 12 13 |
---------------+----------------------------------------+-----
Fighting       | 4 5 6 7 8 9 11 12 | 12.1
Shields        | 4 5 6 7 8 10 | 10.4
Armour         | 4 5 6 7 9 10 12 13 14 | 14.1
Axes           | 3 4 5 6 8 10 11 13 15 16 | 16.9
Dodging        | 1 2 3 |  3.7
Throwing       | 2 |  2.8
Stealth        | 1 |  1.8
Polearms       | 2 |  2.3
Evocations     | |  0.6

Action                     |  1- 3 |  4- 6 |  7- 9 | 10-12 | 13-15 || total
---------------------------+-------+-------+-------+-------+-------++-------
  Melee: War axe           |   123 |    72 |   304 |   746 |    71 ||  1316
         Headbutt          |    13 |    11 |    63 |   188 |    34 ||   309
         Trident           |       |       |       |       |    49 ||    49
  Throw: Dart              |       |       |       |    26 |       ||    26
  Evoke: Wand              |       |       |       |     4 |     2 ||     6
    Use: Scroll            |       |       |     8 |     7 |     3 ||    18
         Potion            |       |       |     2 |     3 |       ||     5
 Armour: Scale mail        |    75 |    69 |   161 |       |       ||   305
         Plate armour      |       |       |   117 |   747 |   160 ||  1024
  Dodge: Dodged            |    53 |    43 |   135 |   250 |    76 ||   557
  Block: Buckler           |    26 |    20 |    87 |   178 |    55 ||   366
